 Dungeon Sprint DCSS version 0.24.1-14-gf8d2b509d9 (webtiles) character file.

Game seed: 10579229079676448541, levelgen mode: deterministic

21548 Zeld the Slayer (level 12, 0/149 HPs)
             Began as a Minotaur Berserker on May 10, 2021.
             Was the Champion of Trog.
             Succumbed to a red devil's poison
             ... in the Dungeon (Sprint V: "Ziggurat Sprint").
             The game lasted 00:06:52 (2400 turns).

Zeld the Slayer (Minotaur Berserker)                Turns: 2400, Time: 00:06:52

Health: 0/149      AC: 20    Str: 39    XL:     12   Next: 55%
Magic:  11/11      EV:  7    Int:  4    God:    Trog [******]
Gold:   0          SH: 18    Dex: 10    Spells: 11/11 levels left

rFire    . . .     SeeInvis .   C - +9 broad axe (chop)
rCold    . . .     Gourm    .   b - +3 shield
rNeg     + . .     Faith    .   a - +5 crystal plate armour
rPois    .         Spirit   .   (helmet restricted)
rElec    .         Reflect  .   (no cloak)
rCorr    .         Harm     .   (no gloves)
MR       +++..     Clarity  +   (no boots) Stlth ..........NoTele +
                                R - amulet of the Four Winds {rN+ MR+++ Clar}
HPRegen  0.34/turn              E - +6 ring of strength
MPRegen  0.12/turn              D - +6 ring of strength

@: lethally poisoned (0 -> -23), berserk cooldown, slowed, very slow
A: retaliatory headbutt, horns 2
a: Berserk, Trog's Hand, Brothers in Arms, Renounce Religion


You were in the Dungeon.
You worshipped Trog.
Trog was exalted by your worship.
You were near starving.

You visited 1 branch

Inventory:

Hand Weapons
 C - a +9 broad axe of chopping (weapon)
Armour
 a - a +5 crystal plate armour (worn)
 b - a +3 shield (worn)
Jewellery
 D - a +6 ring of strength (right hand)
 E - a +6 ring of strength (left hand)
 R - the amulet of the Four Winds (around neck) {rN+ MR+++ Clar}
   (You found it in the Dungeon)

   [amulet of nothing]

   It protects you from negative energy.
   It affects your resistance to hostile enchantments.
   It protects you against confusion.
Wands
 v - a wand of disintegration (7)
 w - a wand of iceblast (7)
 x - a wand of acid (7)
Scrolls
 i - 4 scrolls of blinking
 k - 7 scrolls of fog
 l - a scroll of holy word
 m - 5 scrolls of identify
 n - 5 scrolls of remove curse
 o - 2 scrolls of fear
 J - 6 scrolls of enchant weapon
Potions
 d - 10 potions of curing
 e - 8 potions of heal wounds
 f - 6 potions of haste
 g - 7 potions of magic
 h - 3 potions of berserk rage
 p - 2 potions of brilliance
 q - 2 potions of invisibility
 r - 4 potions of resistance
 t - 6 potions of agility
 u - 5 potions of might
Miscellaneous
 j - a fan of gales
 s - a lamp of fire
 y - a crystal ball of energy
 z - a lightning rod (4/4)
 A - a box of beasts
 B - a phial of floods
 F - a lightning rod (4/4)
 G - 2 sacks of spiders
 L - a crystal ball of energy
 M - a lightning rod (4/4)
 Q - a lamp of fire
Comestibles
 c - 5 rations


   Skills:
 * Level 26.8 Fighting
 - Level 18.0 Axes
 - Level 2.4 Armour
 - Level 2.1 Dodging
 - Level 15.1 Shields


You had 11 spell levels left.
You didn't know any spells.
Your spell library was empty.

Dungeon Overview and Level Annotations

Branches:
Dungeon (1/1)

Altars:
Ashenzari
Cheibriados
Dithmenos
Elyvilon
Fedhas
Gozag
Hepliaklqana
Kikubaaqudgha
Makhleb
Nemelex Xobeh
Okawaru
Qazlal
Ru
Sif Muna
Trog
Uskayaw
Vehumet
Wu Jian
Xom
Yredelemnul
Zin
The Shining One
Beogh
Jiyva
Lugonu

Annotations:
D 1 transporter


Innate Abilities, Weirdness & Mutations

You reflexively headbutt those who attack you in melee.
You have a pair of horns on your head.


Message History

* * * LOW HITPOINT WARNING * * *
The deep elf high priest intones a terrible prayer.
The deep elf high priest shoots an arrow.
The arrow hits you but does no damage. Something hits you.
* * * LOW HITPOINT WARNING * * *
x2 Unknown command.
You are too berserk!
Unknown command.
* * * LOW HITPOINT WARNING * * *
You feel sick.
The deep elf knight unwields a +0 glaive of protection.
The deep elf knight wields a cursed -3 shortbow.
The deep elf knight shoots an arrow.
You block the arrow.
You see here an arrow.
Unknown command.
You feel a strong urge to attack something.
You are no longer berserk.
You are exhausted.
You feel yourself slow down.
You die...

▓..}).)})...▓.▓).).▓.
▓...=}=[:...▓...©....
▓....e......▓▓▓▓▓▓▓▓▓
▓....Y..e...▓...8©8..
▓.....eeee..▓..).|[..
▓...4e))....▓...[)|..
▓x.(..▓ ▓........
▓▓(..▓▓ ▓........
▓..▓@.(..▓..▓........
▓.....©.....▓........
▓▓▓▓▓▓▓▓▓▓▓▓▓.▓.÷†÷.▓
▓....8©8....▓....©...
▓..."))[....▓▓▓▓▓▓▓▓▓
▓...[.))....▓...8©8..
▓...........▓..=:))).
▓...........▓....[)..
▓...........▓........


You could see a deep elf master archer, a deep elf demonologist, a deep elf
archer, a deep elf knight, 2 deep elf high priests, a deep elf mage and an ice
beast.

Vanquished Creatures
  A deep elf sorcerer (D)
  A vampire knight (D)
  A deep elf annihilator (D)
  A red draconian (D)
  A death ooze (D)
  2 great orbs of eyes (D)
  A deep elf high priest (D)
  3 dancing weapons (D)
  A hell hog (D)
  A hell knight (D)
  A skeletal warrior (D)
  2 deep elf archers (D)
  2 necromancers (D)
  A deep elf mage (D)
  2 wolf spiders (D)
  2 shining eyes (D)
  3 draconians (D)
  An eye of devastation (D)
  A spiny frog (D)
  A hellion (D)
  A komodo dragon (D)
  4 slime creatures (D)
  A redback (D)
  A shadow (D)
  2 spriggans (D)
  A tarantella (D)
  Sigmund (D)
  5 yaks (D)
  A fire elemental (D)
  2 vampires (D)
  A basilisk (D)
  A naga (D)
  2 water moccasins (D)
  3 hell hounds (D)
  3 porcupines (D)
  A necrophage (D)
  4 wolves (D)
  2 bullfrogs (D)
  Blork the orc (D)
  5 scorpions (D)
  4 wights (D)
  3 jellies (D)
  Jessica (D)
  An ooze (D)
  3 bat skeletons (D)
  A bat zombie (D)
  2 ball pythons (D)
  A giant cockroach zombie (D)
  A jackal skeleton (D)
  A quokka skeleton (D)
  A crawling corpse (D)
90 creatures vanquished.

Notes
Turn   | Place    | Note
-------+----------+-------------------------------------------
     0 | D        | Zeld the Minotaur Berserker began the quest for the Orb.
     0 | D        | Reached XP level 1. HP: 19/19 MP: 0/0
    10 | D        | Found a blossoming altar of Fedhas.
    11 | D        | Found the +6 Majin-Bo {vamp, Archmagi MP+6 Int+6}
    11 | D        | Found the +7 great mace "Firestarter" {inner flame, rF++}
    12 | D        | Found a viscous altar of Jiyva.
    12 | D        | Found a hazy altar of Hepliaklqana.
    12 | D        | Found a transporter.
    12 | D        | Found an opulent altar of Gozag.
    12 | D        | Found an ancient bone altar of Kikubaaqudgha.
    12 | D        | Found a corrupted altar of Lugonu.
    17 | D        | Found a burning altar of Makhleb.
    18 | D        | Found a stormy altar of Qazlal.
    18 | D        | Found a sacrificial altar of Ru.
    18 | D        | Found an iron altar of Okawaru.
    18 | D        | Found a shimmering blue altar of Sif Muna.
    18 | D        | Found a sparkling altar of Nemelex Xobeh.
    18 | D        | Found a bloodstained altar of Trog.
    71 | D        | Found the +9 heavy crossbow "Sniper" {velocity, Acc+∞ SInv}
    71 | D        | Found the +10 dark maul {crush}
    71 | D        | Found the +15 Maxwell's patent armour {-Cast -Tele rElec
                  | MR+ rCorr}
    71 | D        | Found the +18 shield of the Gong {rElec rN+ MR+ EV-5}
    71 | D        | Found the cursed +14 obsidian axe {chop, +Fly SInv *Curse}
    72 | D        | Found the +6 shillelagh "Devastator" {shatter}
    72 | D        | Found the +11 plutonium sword {*Contam Stlth-}
    72 | D        | Found the +8 lance "Wyrmbane" {slay drac, rPois rF+ rC+
                  | AC+3}
    72 | D        | Found the +9 sword of Zonguldrok {reap}
    72 | D        | Found the cursed +13 scythe of Curses {drain, *Curse}
    72 | D        | Found the +0 sword of Power
    72 | D        | Found the +7 mace of Variability {chain chaos}
    72 | D        | Found the +7 Singing Sword {slice, sonic wave}
    72 | D        | Found the +8 storm bow {elec, penet}
   197 | D        | Reached skill level 6 in Fighting
   197 | D        | Reached XP level 2. HP: 30/30 MP: 1/1
   330 | D        | Entered arena 2.
   330 | D        | Noticed a hell hound
   330 | D        | Noticed a hell hound
   330 | D        | Found a transporter.
   334 | D        | Killed a hell hound
   334 | D        | Reached skill level 8 in Fighting
   334 | D        | Reached XP level 3. HP: 40/40 MP: 2/2
   334 | D        | Reached XP level 4. HP: 48/48 MP: 3/3
   337 | D        | Killed a hell hound
   337 | D        | Reached skill level 9 in Fighting
   337 | D        | Reached XP level 5. HP: 57/57 MP: 4/4
   401 | D        | Entered arena 3.
   401 | D        | Noticed Sigmund
   401 | D        | Noticed Jessica
   401 | D        | Noticed Blork the orc
   401 | D        | Found a transporter.
   405 | D        | Killed Jessica
   405 | D        | Reached ** piety under Trog
   407 | D        | Killed Sigmund
   407 | D        | Reached skill level 10 in Fighting
   407 | D        | Reached skill level 10 in Axes
   407 | D        | Reached XP level 6. HP: 67/67 MP: 5/5
   407 | D        | Killed Blork the orc
   407 | D        | Reached *** piety under Trog
   407 | D        | Reached skill level 10 in Shields
   680 | D        | Entered arena 4.
   680 | D        | Noticed a red draconian
   680 | D        | Noticed a draconian
   680 | D        | Noticed a draconian
   680 | D        | Noticed a draconian
   680 | D        | Found a transporter.
   688 | D        | Killed a draconian
   688 | D        | Reached skill level 12 in Fighting
   688 | D        | Reached XP level 7. HP: 64/77 MP: 6/6
   700 | D        | Killed a draconian
   700 | D        | Reached XP level 8. HP: 39/85 MP: 7/7
   709 | D        | Killed a red draconian
   709 | D        | Reached skill level 14 in Fighting
   709 | D        | Reached XP level 9. HP: 51/95 MP: 8/8
   711 | D        | Killed a draconian
   711 | D        | Reached **** piety under Trog
   961 | D        | Entered arena 5.
   961 | D        | Found a transporter.
   971 | D        | Reached skill level 15 in Fighting
   971 | D        | Reached skill level 15 in Axes
   975 | D        | Got the ring "Deecid" {rPois MP-9 Str+2 Int+5 Dex-4}
  1005 | D        | Entered arena 6.
  1005 | D        | Found a transporter.
  1009 | D        | Reached ***** piety under Trog
  1016 | D        | Received a gift from Trog
  1135 | D        | Entered arena 7.
  1135 | D        | Noticed an eye of devastation
  1135 | D        | Noticed a shining eye
  1137 | D        | Found a transporter.
  1139 | D        | Killed a shining eye
  1139 | D        | Reached skill level 15 in Shields
  1140 | D        | Received a gift from Trog
  1143 | D        | Killed an eye of devastation
  1143 | D        | Reached skill level 16 in Fighting
  1143 | D        | Reached XP level 10. HP: 107/107 MP: 9/9
  1280 | D        | Entered arena 8.
  1280 | D        | Noticed a deep elf archer
  1280 | D        | Noticed a deep elf mage
  1280 | D        | Noticed a +2 vampiric hand axe
  1280 | D        | Noticed a +2 trident of flaming
  1280 | D        | Noticed a deep elf archer
  1281 | D        | Found a transporter.
  1288 | D        | Killed a deep elf archer
  1291 | D        | Killed a deep elf mage
  1291 | D        | Reached ****** piety under Trog
  1293 | D        | Killed a +2 trident of flaming
  1293 | D        | Reached skill level 17 in Fighting
  1294 | D        | Killed a +2 vampiric hand axe
  1294 | D        | Received a gift from Trog
  1296 | D        | Killed a deep elf archer
  1464 | D        | Got the ring "Puob" {rPois Stlth+}
  1522 | D        | Entered arena 9.
  1526 | D        | Reached skill level 18 in Fighting
  1529 | D        | Received a gift from Trog
  1567 | D        | Found a transporter.
  1599 | D        | Entered arena 10.
  1599 | D        | Noticed a spiny frog
  1600 | D        | Found the +8 frozen axe "Frostbite" {freezing cloud, *Noise
                  | +Fly rC+}
  1601 | D        | Found a transporter.
  1610 | D        | Killed a spiny frog
  1611 | D        | Reached skill level 19 in Fighting
  1611 | D        | Reached XP level 11. HP: 122/122 MP: 10/10
  1616 | D        | Received a gift from Trog
  1757 | D        | Entered arena 11.
  1757 | D        | Noticed a wolf spider
  1757 | D        | Noticed a wolf spider
  1759 | D        | Found a transporter.
  1763 | D        | Reached skill level 20 in Fighting
  1765 | D        | Killed a wolf spider
  1766 | D        | Killed a wolf spider
  1938 | D        | Entered arena 12.
  1938 | D        | Noticed a great orb of eyes
  1938 | D        | Noticed a shining eye
  1938 | D        | Noticed a death ooze
  1939 | D        | Noticed a great orb of eyes
  1940 | D        | Paralysed by a great orb of eyes for 2 turns
  1942 | D        | Found a transporter.
  1943 | D        | Killed a death ooze
  1943 | D        | Reached skill level 21 in Fighting
  1943 | D        | Received a gift from Trog
  1946 | D        | Killed a great orb of eyes
  1946 | D        | Reached skill level 22 in Fighting
  1950 | D        | Killed a great orb of eyes
  1952 | D        | Reached skill level 23 in Fighting
  1952 | D        | Killed a shining eye
  1952 | D        | Received a gift from Trog
  2019 | D        | Entered arena 13.
  2019 | D        | Identified the +10 fustibalus of Jiuvaon {freeze, rN+++
                  | Int-4 Dex+6}
  2019 | D        | Noticed a vampire knight
  2019 | D        | Noticed a necromancer
  2019 | D        | Noticed a necromancer
  2020 | D        | Noticed a skeletal warrior
  2027 | D        | Found a transporter.
  2028 | D        | Killed a necromancer
  2028 | D        | Received a gift from Trog
  2031 | D        | Killed a skeletal warrior
  2031 | D        | Reached skill level 24 in Fighting
  2033 | D        | Killed a necromancer
  2039 | D        | Killed a vampire knight
  2039 | D        | Received a gift from Trog
  2039 | D        | Reached XP level 12. HP: 145/145 MP: 11/11
  2203 | D        | Got the ring "Wooxug" {*Drain rElec rC+ Int+5 Slay+2}
  2236 | D        | Entered arena 14.
  2237 | D        | Noticed a hell hog
  2238 | D        | Found the amulet of the Four Winds {rN+ MR+++ Clar}
  2244 | D        | Killed a hell hog
  2244 | D        | Reached skill level 25 in Fighting
  2248 | D        | Received a gift from Trog
  2250 | D        | Found a transporter.
  2386 | D        | Entered arena 15.
  2387 | D        | Noticed a deep elf high priest
  2387 | D        | Noticed a deep elf annihilator
  2387 | D        | Noticed a deep elf high priest
  2387 | D        | Noticed a deep elf sorcerer
  2388 | D        | Identified the +5 quarterstaff of the Coward {crush, rPois
                  | Int+9 Dex-4}
  2388 | D        | Identified the +8 spear "Qiav" {freeze, +Rage rElec rC-}
  2388 | D        | Noticed a deep elf high priest
  2389 | D        | Noticed a deep elf master archer
  2389 | D        | Noticed a deep elf demonologist
  2390 | D        | Found a transporter.
  2391 | D        | Killed a deep elf annihilator
  2396 | D        | Killed a deep elf sorcerer
  2396 | D        | Reached skill level 26 in Fighting
  2398 | D        | Killed a deep elf high priest
  2398 | D        | HP: 10/223 [deep elf master archer/arrow (32)]
  2398 | D        | HP: 4/223 [something (2)]
  2400 | D        | Succumbed to a red devil's poison

Levels and vault maps discovered:
D:        sprint_v [room_start, room_1, room_2, room_3, room_4, room_5, room_6,
          room_7, room_8, room_9, room_10, room_11, room_12, room_13, room_14,
          room_15, room_16, room_17, room_18, room_19, room_20, room_21,
          room_22, room_23, room_24, room_25, room_26, room_27]

Skill      XL: |  1  2  3  4  5  6  7  8  9 10 11 12 |
---------------+-------------------------------------+-----
Fighting       | 6 8 9 10 12 14 16 19 24 26 | 26.8
Axes           | 6 8 9 10 12 14 16 18 | 18.0
Shields        | 4 7 8 9 11 12 13 15 | 15.1
Armour         | |  2.4
Dodging        | |  2.1

Action                   |  1- 3 |  4- 6 |  7- 9 | 10-12 || total
-------------------------+-------+-------+-------+-------++-------
Melee: Broad axe         |     3 |    11 |    34 |    82 ||   130
       Headbutt          |     1 |     4 |     8 |    22 ||    35
Invok: Berserk           |     1 |     2 |     3 |     7 ||    13
       Trog's Hand       |       |       |     1 |       ||     1
  Use: Potion            |     1 |       |     6 |       ||     7
       Scroll            |       |       |       |     3 ||     3
  Eat: Ration            |       |       |     1 |     1 ||     2
       Chunk             |       |       |     2 |     6 ||     8
Armor: Crystal plate arm |     2 |     5 |    30 |    41 ||    78
Dodge: Dodged            |       |       |     5 |    13 ||    18
Block: Shield            |     4 |     8 |    40 |    47 ||    99
